3A
DELAWARE 1787 BC @ MYRTLE BEACH SEAHAWKS
06/10/2027
 
TOP OF THE 1ST
Delaware 1787 BC batting - Pitching for Myrtle Beach Seahawks : RHP Raneem Zogby
Pitching: RHP Raneem Zogby
Batting: RHB David Wooderson 0-0: Called Strike
0-1: Ball
1-1: Ball
2-1: Foul Ball, location: 2F
2-2: Foul Ball, location: 2F
2-2: Strikes out swinging
Batting: LHB Donovan Inman 0-0: Called Strike
0-1: Ball
1-1: Ball
2-1: Fly out, F7 (Line Drive, 78M)
Batting: LHB Juan Ledezma 0-0: Called Strike
0-1: Ball
1-1: Called Strike
1-2: Ball
2-2: SINGLE (Groundball, 4MD)
Batting: RHB Dam Son 0-0: Called Strike
0-1: Ball
1-1: Ball
2-1: Ball
3-1: Base on Balls
Juan Ledezma to second
Batting: RHB Norberto Rivera 0-0: Swinging Strike
0-1: Ball
1-1: Ball
2-1: Fly out, F9 (Flyball, 9)
Top of the 1st over - 0 run(s), 1 hit(s), 0 error(s), 2 left on base; Delaware 0 - Myrtle Beach 0
BOTTOM OF THE 1ST
Myrtle Beach Seahawks batting - Pitching for Delaware 1787 BC : LHP Will Hoffman
Pitching: LHP Will Hoffman
Batting: RHB Borja Berrios 0-0: Called Strike
0-1: Fly out, F9 (Flyball, 89M)
Batting: RHB Chan-Wook Park 0-0: Called Strike
0-1: Ball
1-1: Fly out, F3 (Popup, 3S)
Batting: RHB Turner Buccigross 0-0: Called Strike
0-1: Called Strike
0-2: Strikes out swinging
Bottom of the 1st over - 0 run(s), 0 hit(s), 0 error(s), 0 left on base; Delaware 0 - Myrtle Beach 0
TOP OF THE 2ND
Delaware 1787 BC batting - Pitching for Myrtle Beach Seahawks : RHP Raneem Zogby
Batting: RHB Randy Sheffield 0-0: Called Strike
0-1: Ball
1-1: Swinging Strike
1-2: Strikes out swinging
Batting: RHB John Willoughby 0-0: Ball
1-0: Called Strike
1-1: Ground out 6-3 (Groundball, 56D)
Batting: RHB Eddie McDoom 0-0: Swinging Strike
0-1: Called Strike
0-2: Ball
1-2: Strikes out swinging
Top of the 2nd over - 0 run(s), 0 hit(s), 0 error(s), 0 left on base; Delaware 0 - Myrtle Beach 0
BOTTOM OF THE 2ND
Myrtle Beach Seahawks batting - Pitching for Delaware 1787 BC : LHP Will Hoffman
Batting: RHB Reece Cockin 0-0: Called Strike
0-1: Ground out 5-3 (Groundball, 56S)
Batting: RHB Jim Brooks 0-0: Ball
1-0: Ball
2-0: Called Strike
2-1: Ball
3-1: Base on Balls
Batting: RHB Andy Llewellyn 0-0: Called Strike
0-1: Called Strike
0-2: Ball
1-2: Ball
2-2: Strikes out looking
Batting: RHB Aquiles Morda 0-0: Called Strike
0-1: Called Strike
0-2: Fly out, F7 (Line Drive, 7)
Bottom of the 2nd over - 0 run(s), 0 hit(s), 0 error(s), 1 left on base; Delaware 0 - Myrtle Beach 0
TOP OF THE 3RD
Delaware 1787 BC batting - Pitching for Myrtle Beach Seahawks : RHP Raneem Zogby
Batting: RHB Alejandro Sánchez 0-0: Ball
1-0: Called Strike
1-1: Ball
2-1: Ball
3-1: Called Strike
3-2: Base on Balls
Batting: RHB David Wooderson 0-0: Grounds into double play, 6-4-3 (Groundball, 6)
Batting: LHB Donovan Inman 0-0: Called Strike
0-1: Ball
1-1: Called Strike
1-2: DOUBLE (Line Drive, 8RD)
Batting: LHB Juan Ledezma 0-0: Called Strike
0-1: Ball
1-1: Ball
2-1: Ball
3-1: SINGLE (Line Drive, 6MD)
Donovan Inman to third
Runner from 3rd tries for Home, SAFE, no throw
Batting: RHB Dam Son 0-0: Ball
Juan Ledezma steals 2nd base
1-0: Fly out, F6 (Line Drive, 6MD)
Top of the 3rd over - 1 run(s), 2 hit(s), 0 error(s), 1 left on base; Delaware 1 - Myrtle Beach 0
BOTTOM OF THE 3RD
Myrtle Beach Seahawks batting - Pitching for Delaware 1787 BC : LHP Will Hoffman
Batting: RHB Gérard Chesnutt 0-0: Ground out 4-3 (Groundball, 4)
Batting: SHB Álex Castillo 0-0: Called Strike
0-1: Ball
1-1: Swinging Strike
1-2: Ball
2-2: Strikes out swinging
Batting: RHB Borja Berrios 0-0: Called Strike
0-1: Foul Ball, location: 2F
0-2: SINGLE (Line Drive, 78M)
Batting: RHB Chan-Wook Park 0-0: Swinging Strike
0-1: Ball
Throwing error on steal attempt, E2
Borja Berrios to third
1-1: Fly out, F8 (Flyball, 8RM)
Bottom of the 3rd over - 0 run(s), 1 hit(s), 1 error(s), 1 left on base; Delaware 1 - Myrtle Beach 0
TOP OF THE 4TH
Delaware 1787 BC batting - Pitching for Myrtle Beach Seahawks : RHP Raneem Zogby
Batting: RHB Norberto Rivera 0-0: Ball
1-0: Ball
2-0: Called Strike
2-1: Called Strike
2-2: Ground out 4-3 (Groundball, 4)
Batting: RHB Randy Sheffield 0-0: Ball
1-0: Called Strike
1-1: Ball
2-1: Foul Ball, location: 2F
2-2: Strikes out swinging
Batting: RHB John Willoughby 0-0: Ball
1-0: Called Strike
1-1: Ball
2-1: Foul Ball, location: 2F
2-2: Fly out, F6 (Popup, 56)
Top of the 4th over - 0 run(s), 0 hit(s), 0 error(s), 0 left on base; Delaware 1 - Myrtle Beach 0
BOTTOM OF THE 4TH
Myrtle Beach Seahawks batting - Pitching for Delaware 1787 BC : LHP Will Hoffman
Batting: RHB Turner Buccigross 0-0: Foul Ball, location: 2F
0-1: Ball
1-1: Ball
2-1: Swinging Strike
2-2: Ball
3-2: Strikes out swinging
Batting: RHB Reece Cockin 0-0: Fly out, F3 (Popup, 34)
Batting: RHB Jim Brooks 0-0: Ball
1-0: Foul Ball, location: 2F
1-1: Ground out 4-3 (Groundball, 4M)
Bottom of the 4th over - 0 run(s), 0 hit(s), 0 error(s), 0 left on base; Delaware 1 - Myrtle Beach 0
TOP OF THE 5TH
Delaware 1787 BC batting - Pitching for Myrtle Beach Seahawks : RHP Raneem Zogby
Batting: RHB Eddie McDoom 0-0: Ball
1-0: Foul Ball, location: 2F
1-1: Ball
2-1: Ground out 4-3 (Groundball, 4M)
Batting: RHB Alejandro Sánchez 0-0: Ball
1-0: Ball
2-0: Ball
3-0: Base on Balls
Batting: RHB David Wooderson 0-0: Ball
1-0: Swinging Strike
1-1: Ball
2-1: Ball
3-1: Base on Balls
Alejandro Sánchez to second
Pitching: RHP Allen Beach
Batting: LHB Donovan Inman 0-0: Ball
1-0: Swinging Strike
1-1: Foul Ball, location: 2F
1-2: Ball
2-2: Ball
3-2: Strikes out looking
Batting: LHB Juan Ledezma 0-0: Foul Ball, location: 2F
0-1: DOUBLE (Line Drive, 89M)
Alejandro Sánchez scores
David Wooderson to third
Runner from 3rd tries for Home, SAFE, no throw
Batting: RHB Dam Son 0-0: Fly out, F6 (Line Drive, 56D)
Top of the 5th over - 2 run(s), 1 hit(s), 0 error(s), 1 left on base; Delaware 3 - Myrtle Beach 0
BOTTOM OF THE 5TH
Myrtle Beach Seahawks batting - Pitching for Delaware 1787 BC : LHP Will Hoffman
Batting: RHB Andy Llewellyn 0-0: Reached on error, E1 (Groundball, 13S)
Batting: RHB Aquiles Morda 0-0: Ball
1-0: Called Strike
1-1: Fly out, F9 (Flyball, 9S)
Batting: RHB Gérard Chesnutt 0-0: Ball
1-0: Called Strike
1-1: Ball
2-1: Swinging Strike
2-2: Grounds into double play, 4-6-3 (Groundball, 4)
Bottom of the 5th over - 0 run(s), 0 hit(s), 1 error(s), 0 left on base; Delaware 3 - Myrtle Beach 0
TOP OF THE 6TH
Delaware 1787 BC batting - Pitching for Myrtle Beach Seahawks : RHP Allen Beach
Batting: RHB Norberto Rivera 0-0: Called Strike
0-1: Called Strike
0-2: Ball
1-2: Strikes out swinging
Batting: RHB Randy Sheffield 0-0: Called Strike
0-1: Swinging Strike
0-2: Ball
1-2: Strikes out swinging
Batting: RHB John Willoughby 0-0: Swinging Strike
0-1: Swinging Strike
0-2: Strikes out looking
Top of the 6th over - 0 run(s), 0 hit(s), 0 error(s), 0 left on base; Delaware 3 - Myrtle Beach 0
BOTTOM OF THE 6TH
Myrtle Beach Seahawks batting - Pitching for Delaware 1787 BC : LHP Will Hoffman
Batting: SHB Álex Castillo 0-0: Called Strike
0-1: Foul Ball, location: 2F
0-2: SINGLE (Line Drive, 78M)
Batting: RHB Borja Berrios 0-0: Ball
1-0: Sac Bunt - play at first, batter OUT! 1-4
Álex Castillo to second
Batting: RHB Chan-Wook Park 0-0: Ball
1-0: Foul Ball, location: 2F
1-1: Called Strike
1-2: Strikes out swinging
Batting: RHB Turner Buccigross 0-0: Ball
1-0: Ground out 1-3 (Groundball, P)
Bottom of the 6th over - 0 run(s), 1 hit(s), 0 error(s), 1 left on base; Delaware 3 - Myrtle Beach 0
TOP OF THE 7TH
Delaware 1787 BC batting - Pitching for Myrtle Beach Seahawks : RHP Allen Beach
Batting: RHB Eddie McDoom 0-0: Called Strike
0-1: Fly out, F8 (Flyball, 8RS)
Batting: RHB Alejandro Sánchez 0-0: Ball
1-0: Foul Ball, location: 2F
1-1: Called Strike
1-2: Strikes out swinging
Batting: RHB David Wooderson 0-0: Called Strike
0-1: Ball
1-1: Called Strike
1-2: Strikes out swinging
Top of the 7th over - 0 run(s), 0 hit(s), 0 error(s), 0 left on base; Delaware 3 - Myrtle Beach 0
BOTTOM OF THE 7TH
Myrtle Beach Seahawks batting - Pitching for Delaware 1787 BC : LHP Will Hoffman
Batting: RHB Reece Cockin 0-0: Ball
1-0: Ball
2-0: Ball
3-0: Called Strike
3-1: Base on Balls
Batting: RHB Jim Brooks 0-0: Ball
1-0: Ball
2-0: Grounds into double play, 6-4-3 (Groundball, 6)
Batting: RHB Andy Llewellyn 0-0: Fly out, F9 (Flyball, 9S)
Bottom of the 7th over - 0 run(s), 0 hit(s), 0 error(s), 0 left on base; Delaware 3 - Myrtle Beach 0
TOP OF THE 8TH
Delaware 1787 BC batting - Pitching for Myrtle Beach Seahawks : RHP Allen Beach
Batting: LHB Donovan Inman 0-0: Swinging Strike
0-1: Called Strike
0-2: SINGLE (Groundball, 13S) (infield hit)
Batting: LHB Juan Ledezma 0-0: Called Strike
0-1: Ball
1-1: Ball
2-1: Swinging Strike
2-2: Foul Ball, location: 2F
2-2: Strikes out swinging
Donovan Inman steals 2nd base
Batter strikes out.
Batting: RHB Dam Son 0-0: Intentional Walk
Batting: RHB Norberto Rivera 0-0: Ball
1-0: SINGLE (Flyball, 89S)
Donovan Inman to third
Dam Son to second
Pinch Hitting: LHB Chase Popoff 0-0: Foul Ball, location: 2F
0-1: Fly out, F4 (Line Drive, 4)
Batting: RHB John Willoughby 0-0: Foul Ball, location: 2F
0-1: Foul Ball, location: 2F
0-2: Foul Ball, location: 2F
0-2: Ball
1-2: SINGLE (Line Drive, 78S)
Donovan Inman scores
Dam Son to third
Norberto Rivera to second
Runner from 3rd tries for Home, SAFE, no throw
Batting: RHB Eddie McDoom 0-0: SINGLE (Line Drive, 89S)
Norberto Rivera to third
John Willoughby to second
Batting: RHB Alejandro Sánchez 0-0: Swinging Strike
0-1: Ball
1-1: SINGLE (Groundball, 4MD)
Norberto Rivera scores
John Willoughby to third
Eddie McDoom to second
Runner from 3rd tries for Home, SAFE, no throw
Pitching: LHP Bartolo Pérez
Batting: RHB David Wooderson 0-0: Ball
1-0: Foul Ball, location: 2F
1-1: Fielders Choice at 2nd, 5-4 (Groundball, 5)
Top of the 8th over - 4 run(s), 5 hit(s), 0 error(s), 1 left on base; Delaware 7 - Myrtle Beach 0
BOTTOM OF THE 8TH
Myrtle Beach Seahawks batting - Pitching for Delaware 1787 BC : LHP Will Hoffman
Now at C: Dave Cohan
Now in LF: Ward Wilberfoss
Batting: RHB Aquiles Morda 0-0: Called Strike
0-1: SINGLE (Groundball, 6MD)
Batting: RHB Gérard Chesnutt 0-0: Fly out, F8 (Flyball, 8RM)
Batting: SHB Álex Castillo 0-0: Called Strike
0-1: Hit by Pitch
Aquiles Morda to second
Batting: RHB Borja Berrios 0-0: Ball
1-0: Ball
2-0: Foul Ball, location: 2F
2-1: Ball
3-1: Grounds into double play, 5-4-3 (Groundball, 5)
Bottom of the 8th over - 0 run(s), 1 hit(s), 0 error(s), 1 left on base; Delaware 7 - Myrtle Beach 0
TOP OF THE 9TH
Delaware 1787 BC batting - Pitching for Myrtle Beach Seahawks : LHP Bartolo Pérez
Batting: LHB Donovan Inman 0-0: Ball
1-0: Ball
2-0: Called Strike
2-1: Ball
3-1: Called Strike
3-2: Base on Balls
Batting: LHB Juan Ledezma 0-0: Ball
1-0: Called Strike
1-1: Swinging Strike
1-2: Ball
2-2: Strikes out swinging
Batting: RHB Dam Son 0-0: Called Strike
0-1: Ball
1-1: Ball
2-1: Ball
3-1: Base on Balls
Donovan Inman to second
Batting: RHB Norberto Rivera 0-0: Ball
1-0: Ball
2-0: Foul Ball, location: 2F
2-1: Ball
3-1: Foul Ball, location: 2F
3-2: Strikes out swinging
Batting: LHB Ward Wilberfoss 0-0: Ground out 1-3 (Groundball, 13S)
Top of the 9th over - 0 run(s), 0 hit(s), 0 error(s), 2 left on base; Delaware 7 - Myrtle Beach 0
BOTTOM OF THE 9TH
Myrtle Beach Seahawks batting - Pitching for Delaware 1787 BC : LHP Will Hoffman
Batting: RHB Chan-Wook Park 0-0: Fly out, F9 (Flyball, 89D)
Batting: RHB Turner Buccigross 0-0: Called Strike
0-1: SINGLE (Flyball, 89S)
Batting: RHB Reece Cockin 0-0: Called Strike
0-1: Ball
1-1: Called Strike
1-2: Ball
2-2: Ball
3-2: Fly out, F8 (Flyball, 8LS)
Batting: RHB Jim Brooks 0-0: Ball
1-0: Ball
2-0: Foul Ball, location: 2F
2-1: Swinging Strike
2-2: Foul Ball, location: 2F
2-2: Strikes out swinging
Bottom of the 9th over - 0 run(s), 1 hit(s), 0 error(s), 1 left on base; Delaware 7 - Myrtle Beach 0
Saturday, May 26th, 2018 - OOTP Baseball 17.12 Build 75